 Dungeon Crawl Stone Soup version 0.29.1-1-gd02db69 (webtiles) character file.

Game seed: 14269316231181504666

376 Timinator the Insei (level 6, -4/50 HPs)
             Began as a Demigod Transmuter on Jan 12, 2023.
             Slain by a gnoll
             ... wielding a +0 spear
              (9 damage)
             ... on level 3 of the Dungeon.
             The game lasted 00:08:54 (3127 turns).

Timinator the Insei (Demigod Transmuter)            Turns: 3127, Time: 00:08:55

Health: -4/50      AC:  3    Str: 15    XL:     6   Next: 20%
Magic:  10/11      EV: 12    Int: 15    God:
Gold:   101        SH:  0    Dex: 18    Spells: 6/9 levels left

rFire   . . .      SeeInvis .     - Unarmed
rCold   . . .      Faith    .   (no shield)
rNeg    . . .      Spirit   .   k - +0 leather armour
rPois   .          Reflect  .   (helmet currently unavailable)
rElec   .          Harm     .   (no cloak)
rCorr   .          Rampage  .   (no gloves)
Will    .....                   (boots currently unavailable)
Stlth   +.........              (no amulet)
HPRegen 0.16/turn               (no ring)
MPRegen 0.12/turn               (no ring)

@: appendages
A: horns 2, talons 2, high MP 1, forlorn, divine attributes
a: End Transformation


You were on level 3 of the Dungeon.
You had temporarily grown beastly horns and talons.
You visited 1 branch of the dungeon, and saw 3 of its levels.

You collected 101 gold pieces.

Inventory:

Armour
 f - a +0 hat
 k - a +0 leather armour (worn)
 l - a +0 ring mail
 n - a +0 helmet (melded)
Scrolls
 c - a scroll of noise {unknown}
 d - 2 scrolls of magic mapping {unknown}
 e - 4 scrolls of identify {unknown}
 h - 2 scrolls of vulnerability {unknown}
 i - a scroll of amnesia {unknown}
 o - a scroll of blinking {unknown}
Potions
 a - a potion of invisibility {unknown}
 b - a potion of magic {unknown}
 g - a potion of curing
 j - 3 potions of cancellation {unknown}
 m - a potion of attraction {unknown}


   Skills:
 * Level 2.4 Fighting
 * Level 2.2 Armour
 + Level 2.7 Dodging
 + Level 4.4 Unarmed Combat
 - Level 2.0 Spellcasting
 + Level 2.9 Transmutations


You had 6 spell levels left.
You knew the following spells:

 Your Spells              Type           Power      Damage    Failure   Level
a - Beastly Appendage     Tmut           20%        N/A       9%          1
b - Wereblood             Tmut           10%        N/A       12%         2

Your spell library contained the following spells:

 Spells                   Type           Power      Damage    Failure   Level
 Spider Form              Tmut/Pois      5%         N/A       41%         3
 Ice Form                 Ice/Tmut       5%         N/A       83%         4


Dungeon Overview and Level Annotations

Branches:
Dungeon (3/15)


Innate Abilities, Weirdness & Mutations

You have temporarily grown beastly horns and talons.
You have an increased reservoir of magic. (+10% MP)
You shall have no god before yourself.
Your divine heritage dramatically boosts your attributes as you level up.


Message History

You shred the net and break free! The gnoll hits you with a +0 flail.
The gnoll hits you but does no damage.
You completely miss the gnoll. The gnoll barely misses you.
The gnoll hits you from afar with a +0 spear.
You hit the gnoll.
The gnoll is lightly wounded.
The gnoll barely misses you.
The gnoll hits you from afar with a +0 spear!
* * * LOW HITPOINT WARNING * * *
You hit the gnoll.
The gnoll is heavily wounded.
Your primal bloodlust is almost over.
The gnoll closely misses you. The gnoll misses you.
Casting: Wereblood (safe; 12% risk of failure)
Confirm with . or Enter, or press ? or * to list all spells.
You grow a pair of large bovine horns.
Your feet morph into talons.
Your +0 helmet melds into your body.
The gnoll closely misses you.
The gnoll hits you from afar with a +0 spear.
* * * LOW HITPOINT WARNING * * *
You hit the gnoll. You claw the gnoll.
The gnoll is almost dead.
You hit the gnoll.
You feel a bit better.
You kill the gnoll!
The gnoll hits you from afar with a +0 spear.
* * * LOW HITPOINT WARNING * * *
The gnoll hits you with a +0 spear.
* * * LOW HITPOINT WARNING * * *
Items here: )) ? †.
You closely miss the gnoll. You claw the gnoll.
The gnoll is lightly wounded.
The gnoll hits you but does no damage.
You punch the gnoll!
The gnoll is severely wounded.
The gnoll hits you with a +0 spear.
* * * LOW HITPOINT WARNING * * *
You barely miss the gnoll.
The gnoll is severely wounded.
Your primal bloodlust has ended.
The gnoll hits you with a +0 spear!
You die...

.......## ...
##...### #.# #
.##### #.#g# ..#
##.#< ..# ... ..#
#.## ..# #..#.# ..#
##g#.# ..# #@#.#
#.######### #.#.#
..........## #.#.#
#.######...## #.#.#
#.# ##.....####.#.#
#.# #.............#
#.####......####.###
#......#...## #.#
#########.## #.#


You could see a gnoll.

Vanquished Creatures
  Sigmund (D:2)
  2 orc priests (D:3)
  Jessica (D:2)
  Terence (D:2)
  3 gnolls (D:3)
  An adder (D:2)
  A worm (D:2)
  2 dart slugs
  2 orcs (D:3)
  4 endoplasms
  3 giant cockroaches
  6 goblins
  6 hobgoblins
  4 jackals (D:2)
  2 quokkas (D:3)
  5 ball pythons
  4 bats
  5 frilled lizards
  8 kobolds
  2 rats (D:3)
63 creatures vanquished.

Notes
Turn   | Place    | Note
-------+----------+-------------------------------------------
     0 | D:1      | Timinator the Demigod Transmuter began the quest for the
                  | Orb.
     0 | D:1      | Reached XP level 1. HP: 15/15 MP: 5/5
   297 | D:1      | Reached skill level 1 in Fighting
   733 | D:1      | Reached XP level 2. HP: 17/23 MP: 5/7
   746 | D:1      | Reached skill level 3 in Unarmed Combat
  1424 | D:2      | Noticed Jessica
  1430 | D:2      | Killed Jessica
  1431 | D:2      | Reached skill level 1 in Armour
  1431 | D:2      | Reached XP level 3. HP: 28/28 MP: 6/8
  1456 | D:2      | Noticed Terence
  1456 | D:2      | Noticed Sigmund
  1482 | D:2      | Killed Terence
  1483 | D:2      | Reached XP level 4. HP: 24/35 MP: 9/9
  1489 | D:2      | Killed Sigmund
  1490 | D:2      | Reached skill level 4 in Unarmed Combat
  1490 | D:2      | Reached XP level 5. HP: 28/41 MP: 10/10
  1537 | D:2      | Learned a level 2 spell: Wereblood
  2508 | D:3      | Reached XP level 6. HP: 37/49 MP: 8/11
  3127 | D:3      | Slain by a gnoll

Illustrated notes

Levels and vault maps discovered:
D:1:      dpeg_arrival_arbitrary_a, layout_loops_ring,
          hellmonk_ecumenical_altar_lost_god, hangedman_decor_peaks_small,
          minmay_misc_feat_roman, grunt_decor_one_mirror
D:2:      layout_basic, corexii_hall_statues_u, uniq_terence, uniq_jessica,
          uniq_sigmund
D:3:      layout_loops_ring, tgw_sif

Skill      XL: |  1  2  3  4  5 |
---------------+----------------+-----
Fighting       | 1 2 |  2.4
Spellcasting   | 2 |  2.0
Unarmed Combat | 3 4 |  4.4
Transmutations | 2 |  2.9
Armour         | 1 2 |  2.2
Dodging        | 2 |  2.7

Action                   |  1- 3 |  4- 6 || total
-------------------------+-------+-------++-------
Melee: Unarmed           |    76 |   103 ||   179
       Kick              |    13 |    21 ||    34
       Headbutt          |     3 |    10 ||    13
       Punch             |       |     3 ||     3
 Cast: Beastly Appendage |    12 |    15 ||    27
       Wereblood         |       |     3 ||     3
  Use: Potion            |     1 |       ||     1
 Stab: Sleeping          |     2 |     1 ||     3
Armor: Robe              |     9 |       ||     9
       Leather armour    |     5 |    17 ||    22
       Skin              |    11 |    18 ||    29
Dodge: Dodged            |    42 |    44 ||    86
